 Dungeon Crawl Stone Soup version 0.20-a0-1122-gb7cbeb9 (webtiles) character file.

27 M4edhros the Grave Robber (level 3, 0/21 HPs)
             Began as an Octopode Necromancer on May 11, 2017.
             Killed from afar by a dart slug (2 damage)
             ... with a slug dart
             ... on level 2 of the Dungeon.
             The game lasted 00:01:14 (197 turns).

M4edhros the Grave Robber (Octopode Necromancer)     Turns: 197, Time: 00:01:15

Health: 0/21       AC:  1    Str:  7    XL:     3   Next: 10%
Magic:  2/6        EV: 13    Int: 17    God:
Gold:   38         SH:  0    Dex: 13    Spells: 4/6 levels left

rFire    . . .     SeeInvis .     - Unarmed
rCold    . . .     Gourm    .   (no shield)
rNeg     . . .     Faith    .   (helmet restricted)
rPois    .         Spirit   .   (no amulet)
rElec    .         Reflect  .   (no ring)
rCorr    .         Harm     .   (no ring)
MR       .....                  (no ring)
Stlth    +++.......             (no ring)
Regen    0.1/turn               (no ring)
MPRegen  0.1/turn               (no ring)
                                (no ring)
                                (no ring)

@: no status effects
A: almost no armour, stealthy swim, amphibious, 8 rings, constrict 8, camouflage
1, gelatinous body 1
a: no special abilities


You were on level 2 of the Dungeon.
You were not hungry.

You visited 1 branch of the dungeon, and saw 2 of its levels.

You collected 38 gold pieces.

Inventory:

Books
 a - a book of Necromancy

   Spells                             Type                      Level
   a - Pain                           Necromancy                   1
   b - Animate Skeleton               Necromancy                   1
   c - Vampiric Draining              Necromancy                   3
   d - Regeneration                   Charms/Necromancy            3
   e - Animate Dead                   Necromancy                   4
   f - Control Undead                 Necromancy                   4
Comestibles
 b - a bread ration
 c - 5 chunks of flesh


   Skills:
 - Level 2.0 Dodging
 - Level 2.6 Stealth
 + Level 2.6 Unarmed Combat
 - Level 2.0 Spellcasting
 - Level 4.0 Necromancy


You had 4 spell levels left.
You knew the following spells:

 Your Spells              Type           Power        Failure   Level  Hunger
a - Pain                  Necr           ###.         3%          1    #......
b - Animate Skeleton      Necr           N/A          3%          1    #......


Dungeon Overview and Level Annotations

Branches:
Dungeon (2/15)

Altars:
Gozag
Okawaru
Wu Jian
Xom
Yredelemnul


Innate Abilities, Weirdness & Mutations

You cannot wear most types of armour.
You are very stealthy in the water. (Stealth+)
You are amphibious.
You can wear up to eight rings at the same time.
You can use your tentacles to constrict eight enemies at once.
Your skin changes colour to match your surroundings (Stealth+).
Your rubbery body absorbs attacks. (AC +1, EV +1)


Message History

You have reached level 3!
Your experience leads to an increase in your attributes!
Increase (S)trength, (I)ntelligence, or (D)exterity?
You feel agile.
A goblin comes into view. It is wielding a dagger.
There is a stone staircase leading up here.
You aren't carrying any potions.
Unknown command.
Found a stone staircase leading down.
A dart slug comes into view.
You aren't carrying any items that you can evoke.
Casting: Pain
Confirm with . or Enter, or press ? or * to list all spells.
Aiming: Pain
Press: ? - help, Shift-Dir - straight line, f/p - gnoll
Aim: a gnoll, wielding a spear (chance to defeat MR: 80%)
The gnoll writhes in agony!
The gnoll barely misses you. The dart slug launches a dart at you.
The slug dart hits you!
You die...

#...... #g# ###..
#...>.# #.# #....
#..... #.# ##.#.#
#...w# #.## #....#
#....####..###...#
#...............#
#...g####.<.....###
#....# #...$.#.)..
#.@..# #....##....
###### #....###...
#..!.# ##.. ######
#.. #.. ###..
#####.... #....)#..
#........


You could see a gnoll and a dart slug.

Vanquished Creatures
  2 gnolls (D:2)
  A leopard gecko (D:2)
  A giant cockroach (D:2)
  A hobgoblin (D:2)
  A bat (D:2)
  2 rats (D:2)
8 creatures vanquished.

Notes
Turn   | Place    | Note
-------+----------+-------------------------------------------
     0 | D:1      | M4edhros the Octopode Necromancer began the quest for the Orb.
     0 | D:1      | Reached XP level 1. HP: 11/11 MP: 3/3
    66 | D:2      | Found a shimmering altar of Xom.
    66 | D:2      | Found a basalt altar of Yredelemnul.
    66 | D:2      | Found an iron altar of Okawaru.
    66 | D:2      | Found an ornate altar of the Wu Jian Council.
    66 | D:2      | Found an opulent altar of Gozag.
    96 | D:2      | Reached skill level 1 in Unarmed Combat
    96 | D:2      | Reached XP level 2. HP: 10/17 MP: 0/5
   111 | D:2      | Learned a level 1 spell: Animate Skeleton
   184 | D:2      | Reached XP level 3. HP: 3/21 MP: 2/6
   197 | D:2      | Killed from afar by a dart slug

Vault maps used:
D:1:      dpeg_arrival_snail
D:2:      grunt_temple_overflow_open, roderic_roman_lattice

Skill      XL: |  1  2 |
---------------+-------+-----
Unarmed Combat | 1 2 |  2.6
Dodging        | |  2.0
Stealth        | |  2.6
Spellcasting   | |  2.0
Necromancy     | |  4.0

Action                   || total
-------------------------++-------
Melee: Unarmed           ||    13
       Constrict         ||     4
       Tentacles         ||     3
 Cast: Pain              ||     7
       Animate Skeleton  ||     3
 Stab: Sleeping          ||     1
Armor: Skin              ||     2
Dodge: Dodged            ||    13
